 Dungeon Crawl Stone Soup version 0.30-a0-691-g754fce4c43 (webtiles) character file.

Game seed: 1298702650800095340

33633 UristMcD the Protected (level 13, -4/110 (119) HPs)
             Began as a Hill Orc Monk on Jan 19, 2023.
             Was the Champion of Beogh.
             Slain by a sun demon (15 damage)
             ... summoned by an orc high priest
             ... on level 2 of the Orcish Mines.
             The game lasted 00:44:01 (20013 turns).

UristMcD the Protected (Hill Orc Monk)             Turns: 20013, Time: 00:44:02

HP:   -4/110 (119)  AC: 26    Str: 19    XL:     13   Next: 72%
MP:   22/22         EV:  8    Int: 10    God:    Beogh [******]
Gold: 1621          SH:  0    Dex: 13    Spells: 12/12 levels left

rFire   . . .      SeeInvis .    L - +2 war axe (flame)
rCold   + . .      Faith    .    g - orb {*Rage}
rNeg    . . .      Spirit   .    J - +0 plate armour
rPois   +          Reflect  .    T - +2 helmet
rElec   .          Harm     .    z - +1 cloak
rCorr   .          Rampage  .    o - +2 pair of gloves {Stlth+}
Will    .....      Rage     20%  (no boots) Stlth
                                 (no amulet)
HPRegen 0.38/turn                d - ring of protection from cold
MPRegen 0.18/turn                y - ring of poison resistance

@: confused, drained
A: walk on water
a: Renounce Religion, Smiting, Recall Orcish Followers, Give Item to Named
Follower, Resurrection


You were on level 2 of the Orcish Mines.
You worshipped Beogh.
Beogh was exalted by your worship.
You visited 4 branches of the dungeon, and saw 17 of its levels.
You also visited: Ossuary and Gauntlet.

You collected 1621 gold pieces.

Inventory:

Hand Weapons
 r - a +4 flail
 L - a +2 war axe of flaming (weapon)
Missiles
 h - 81 stones
 i - 14 poisoned darts (quivered)
 v - 3 throwing nets
 K - 2 javelins
 P - 5 silver javelins
 U - 3 silver boomerangs
Armour
 g - an orb of wrath (worn)
 o - a +2 pair of gloves of stealth (worn)
 z - a +1 cloak (worn)
 J - a +0 plate armour (worn)
 T - a +2 helmet (worn)
Jewellery
 d - a ring of protection from cold (left hand)
 j - an amulet of reflection
 y - a ring of poison resistance (right hand)
 O - a ring of positive energy
Wands
 k - a wand of charming (5)
 H - a wand of mindburst (4)
 M - a wand of roots (11)
 R - a wand of digging (7)
 S - a wand of light (3)
Scrolls
 a - 3 scrolls of blinking
 b - a scroll of butterflies {unknown}
 f - 2 scrolls of poison
 m - 3 scrolls of immolation
 n - 5 scrolls of vulnerability
 A - a scroll of silence
 E - 2 scrolls of fog
 F - 7 scrolls of teleportation
 G - a scroll of fear
 Q - a scroll of torment {unknown}
 X - a scroll of identify
Potions
 c - a potion of ambrosia
 e - a potion of berserk rage {unknown}
 l - a potion of invisibility
 p - a potion of heal wounds
 q - a potion of haste
 s - 4 potions of curing
 t - a potion of cancellation
 u - 2 potions of attraction {unknown}
 w - 6 potions of flight
 x - 5 potions of brilliance
 B - 2 potions of magic {unknown}
 C - 2 potions of lignification
 D - a potion of mutation
Miscellaneous
 N - a lightning rod (4/4)
 V - a condenser vane
 W - a phial of floods


   Skills:
 + Level 12.6 Fighting
 - Level 14.0 Axes
 + Level 3.7 Throwing
 + Level 14.2 Armour
 + Level 3.6 Dodging
 + Level 3.8 Stealth
 * Level 12.2 Invocations
 * Level 5.2 Evocations


You had 12 spell levels left.
You didn't know any spells.
Your spell library contained the following spells:

 Spells                   Type           Power      Damage    Failure   Level
 Apportation              Tloc           0%         N/A       99%         1
 Necrotise                Necr           0%         1d4       99%         1
 Sting                    Tmut/Pois      0%         1d3       99%         1
 Summon Small Mammal      Summ           0%         N/A       99%         1
 Cigotuvi's Dreadful Rot  Necr/Pois/Air  0%         N/A       100%        2
 Ensorcelled Hibernation  Hex/Ice        0%         N/A       100%        2
 Lesser Beckoning         Tloc           0%         N/A       100%        2
 Passwall                 Tmut/Erth      0%         N/A       100%        2
 Poisonous Vapours        Pois/Air       0%         N/A       100%        2
 Gell's Gravitas          Tloc           0%         N/A       100%        3
 Hailstorm                Conj/Ice       0%         3d3       100%        3
 Inner Flame              Hex/Fire       0%         N/A       100%        3
 Mephitic Cloud           Conj/Pois/Air  0%         N/A       100%        3
 Stone Arrow              Conj/Erth      0%         3d7       100%        3
 Swiftness                Air            0%         N/A       100%        3
 Teleport Other           Tloc           0%         N/A       100%        3
 Animate Armour           Summ/Erth      0%         N/A       100%        4
 Cause Fear               Hex            0%         N/A       100%        4
 Ice Form                 Ice/Tmut       0%         N/A       100%        4
 Olgreb's Toxic Radiance  Pois           0%         N/A       100%        4
 Summon Ice Beast         Ice/Summ       0%         N/A       100%        4
 Blade Hands              Tmut           0%         N/A       100%        5
 Summon Mana Viper        Hex/Summ       0%         N/A       100%        5
 Dispersal                Tloc           0%         N/A       100%        6
 Simulacrum               Ice/Necr       0%         N/A       100%        6
 Monstrous Menagerie      Summ           0%         N/A       100%        7
 Discord                  Hex            0%         N/A       100%        8
 Lehudib's Crystal Spear  Conj/Erth      0%         10d2      100%        8


Dungeon Overview and Level Annotations

Branches:
Dungeon (11/15)            Temple (1/1) D:6            Lair (3/5) D:9
  Swamp (0/4) Lair:2       Spider (0/4) Lair:2          Orc (2/2) D:11
Ossuary (visited)         Gauntlet (visited)
    Elf: Orc:2

Altars:
Ashenzari
Cheibriados
Dithmenos
Elyvilon
Fedhas
Gozag
Hepliaklqana
Kikubaaqudgha
Makhleb
Nemelex Xobeh
Okawaru
Qazlal
Ru
Sif Muna
Trog
Uskayaw
Vehumet
Wu Jian
Xom
Yredelemnul
Zin
The Shining One

Shops:
D:9 =   D:11 :

Annotations:
D:6 3 runed translucent doors, mrchoslav's ghost, novice MiBe


Message History

r - Retreat! s - Stop attacking. g - Guard the area. f - Follow me.
Anything else - Cancel.
Guard this area!
You climb downwards.
The sun demon hits you but does no damage.
The deep troll bites you! The deep troll claws you.
The deep troll claws you but does no damage.
The sun demon barely misses you. The orange demon stings you!
The orange demon closely misses you.
The chaos spawn gores you but does no damage.
The deep troll bites you. The deep troll claws you. x2
The orc high priest hits you but does no damage.
The orc priest looks braver for a moment.
The orc wizard gestures at you while chanting.
You are confused.
There is a stone staircase leading up, spattered with blood here.
The sun demon hits you!
You are engulfed in flames!!
The orange demon stings you but does no damage.
The orange demon hits you but does no damage.
The chaos spawn gores you but does no damage.
The orc high priest hits you but does no damage.
The deep troll closely misses you. The deep troll claws you.
* * * LOW HITPOINT WARNING * * *
The deep troll claws you!
* * * LOW HITPOINT WARNING * * *
In your confused state, you trip and fall back down the stairs.
* * * LOW HITPOINT WARNING * * *
The sun demon barely misses you.
The orange demon stings you but does no damage.
The orange demon hits you but does no damage.
The chaos spawn hits you but does no damage.
The orc high priest hits you but does no damage.
The deep troll barely misses you.
The deep troll claws you but does no damage. x2
The sun demon hits you!
* * * LOW HITPOINT WARNING * * *
You are engulfed in flames!
You die...
Beogh appreciates the sun demon's killing of a heretic priest.

.......<..)......#
..###...........#
..3............##
3#≈≈≈≈..........#
#≈≈§≈...).....##
#≈.≈≈..........#
#.≈≈≈..$.......##
..####.....)To3..#
.. ......o..@.$##
......$..4.4##
####.....o...#
≈........##
≈§.........
.........
.........
..........


You could see an orc high priest, a deep troll, a sun demon (summoned), an
orange demon (summoned), a chaos spawn (summoned), an orc priest and an orc
wizard.

Vanquished Creatures
  A frost giant (shapeshifter) (Gauntlet)
  A minotaur (Gauntlet)
  Josephine (Lair:3)
  Harold (D:9)
  A hydra (Lair:2)
  A death yak (Lair:2)
  2 two-headed ogres
  A death scarab (Gauntlet)
  An orc high priest (D:11)
  A skeletal warrior (D:11)
  A deep troll (shapeshifter) (Gauntlet)
  2 bog bodies (Lair:2)
  An orc sorcerer (D:11)
  An orc knight (Orc:1)
  A cyclops (Orc:1)
  2 large abominations (Gauntlet)
  A mana viper (shapeshifter) (Gauntlet)
  4 cane toads
  A kobold demonologist (D:11)
  2 unseen horrors (D:11)
  4 komodo dragons
  4 trolls
  A hornet (Lair:2)
  Prince Ribbit (Lair:2)
  9 blink frogs
  A jumping spider (Lair:2)
  A shadow (D:11)
  A spectral black mamba (Gauntlet)
  A culicivora (Lair:2)
  3 wraiths
  2 vampires
  6 small abominations (Gauntlet)
  3 wyverns
  29 yaks
  A basilisk (Lair:1)
  2 wargs
  A swamp worm (Lair:2)
  7 water moccasins
  2 sky beasts
  3 black bears
  An orc warrior (Orc:1)
  An ogre (D:7)
  4 ice beasts (D:8)
  2 wolves
  A centaur (D:9)
  8 bullfrogs
  9 scorpions
  4 water moccasin zombies (Ossuary)
  2 killer bees (D:8)
  3 electric eels
  3 howler monkeys
  5 hounds
  A jelly (D:6)
  5 orc priests
  A gnoll bouda (D:7)
  Terence (D:3)
  An iguana (D:6)
  An iguana (shapeshifter) (Gauntlet)
  4 orc wizards
  A centaur simulacrum (D:8)
  2 mummies (Ossuary)
  A killer bee simulacrum (D:8)
  6 adders
  11 gnolls
  3 shadow imps
  4 white imps
  A howler monkey simulacrum (D:8)
  An ufetubus (D:5)
  4 adder zombies (Ossuary)
  3 dart slugs
  12 orcs
  3 bats
  5 endoplasms
  9 giant cockroaches
  4 gnoll zombies (Ossuary)
  8 goblins
  2 hobgoblins
  3 kobolds
  2 quokkas
  3 ball pythons
  5 frilled lizards
  7 hobgoblin zombies (Ossuary)
  7 kobold zombies (Ossuary)
  4 orc zombies (Ossuary)
  3 rats
  A butterfly (D:8)
281 creatures vanquished.

Vanquished Creatures (collateral kills)
  Gastronok (Lair:2)
  Fannar (D:11)
  A boulder beetle (D:11)
  4 death yaks (Lair:2)
  2 skeletal warriors (D:11)
  A bog body (Lair:2)
  An orc sorcerer (Orc:1)
  3 black mambas
  A cane toad (Lair:3)
  A troll (Orc:1)
  10 blink frogs
  A wraith (Lair:3)
  5 yaks
  A warg (Orc:1)
  A steam dragon (D:6)
  4 water moccasins
  3 orc warriors
  4 ogres
  3 wolves (Lair:1)
  2 bullfrogs
  An electric eel (D:8)
  A howler monkey (D:8)
  4 orc priests
  4 orc wizards
  An ufetubus (D:8)
  7 orcs
  A giant cockroach (D:8)
  2 butterflies
71 creatures vanquished.

Vanquished Creatures (others)
  3 orc warriors
  A centaur (D:6)
  2 orc wizards (D:11)
  15 orcs
  3 demonic plants (D:1)
  17 fungi
  77 plants
  A withered plant (D:1)
119 creatures vanquished.

Grand Total: 471 creatures vanquished

Notes
Turn   | Place    | Note
-------+----------+-------------------------------------------
     0 | D:1      | UristMcD the Hill Orc Monk began the quest for the Orb.
     0 | D:1      | Reached XP level 1. HP: 19/19 MP: 1/1
   131 | D:1      | Reached XP level 2. HP: 27/27 MP: 2/2
   265 | D:1      | Found a faded altar of an unknown god.
   496 | D:2      | Found a stormy altar of Qazlal.
   544 | D:2      | Reached XP level 3. HP: 17/33 MP: 3/3
   553 | D:2      | Reached skill level 5 in Axes
  1030 | D:2      | Became a worshipper of Beogh the Brigand
  1030 | D:2      | Reached * piety under Beogh
  1030 | D:2      | Reached ** piety under Beogh
  1035 | D:2      | Reached XP level 4. HP: 37/40 MP: 4/4
  1478 | D:3      | Noticed Terence
  1488 | D:3      | Killed Terence
  1658 | D:3      | Reached XP level 5. HP: 46/46 MP: 5/5
  1681 | D:3      | Reached skill level 1 in Throwing
  1710 | D:3      | Reached skill level 1 in Invocations
  2640 | D:4      | Reached XP level 6. HP: 52/52 MP: 5/7
  2705 | D:4      | Found a hide-covered altar of Uskayaw.
  2917 | D:4      | Identified the +1 robe "Dorroypa" {Harm rPois rC++ Int-2}
  3200 | D:5      | Entered Level 5 of the Dungeon
  3207 | D:5      | Reached skill level 1 in Armour
  3434 | D:5      | Found a stormy altar of Qazlal.
  3463 | D:5      | Reached XP level 7. HP: 59/60 MP: 8/8
  4175 | D:6      | Found a sand-covered staircase.
  4185 | Ossuary  | Entered an ossuary
  4309 | Ossuary  | Reached *** piety under Beogh
  4665 | Ossuary  | Reached XP level 8. HP: 67/67 MP: 10/10
  4834 | Ossuary  | Reached skill level 5 in Fighting
  4918 | D:6      | Found a runed translucent gate.
  4918 | D:6      | Found a runed translucent gate.
  4918 | D:6      | Found a runed translucent gate.
  4918 | D:6      | Noticed mrchoslav's ghost (novice MiBe)
  5573 | D:6      | Noticed a wyvern
  5583 | D:6      | Killed a wyvern
  5584 | D:6      | Reached skill level 10 in Axes
  5749 | D:6      | Noticed a troll
  5758 | D:6      | Killed a troll
  5899 | D:6      | Found a staircase to the Ecumenical Temple.
  5923 | Temple   | Entered the Ecumenical Temple
  6248 | D:6      | Got the Exposition on the Gestalt and Algor
  6443 | D:6      | Reached XP level 9. HP: 36/75 MP: 12/12
  6641 | D:7      | Reached skill level 5 in Armour
  6797 | D:7      | Found a sacrificial altar of Ru.
  6808 | D:7      | Found a radiant altar of Vehumet.
  7335 | D:8      | Reached skill level 5 in Invocations
  7349 | D:8      | Found a shimmering blue altar of Sif Muna.
  7745 | D:8      | Found an iron altar of Okawaru.
  7978 | D:8      | Gained Bogfrid as an ally
  8070 | D:8      | Found a snail-covered altar of Cheibriados.
  8184 | D:8      | Found a runed translucent door.
  8186 | D:8      | Found a runed translucent door.
  8195 | D:8      | Reached **** piety under Beogh
  8199 | D:8      | Reached XP level 10. HP: 86/86 MP: 14/14
  8400 | D:8      | Found a burning altar of Makhleb.
  8841 | D:9      | Found a staircase to the Lair.
  8941 | D:9      | Gained Thorok as an ally
  9231 | D:9      | Noticed Harold
  9250 | D:9      | Killed Harold
  9331 | D:9      | Found Gyekk's Jewellery Shoppe.
  9368 | D:9      | Found a broken altar of Ashenzari.
  9378 | D:9      | Identified the +5 trident "Orb Guardian's Doom" {freeze,
                  | Fly rC+ Dex+4}
  9639 | D:9      | Found a hazy altar of Hepliaklqana.
  9640 | D:9      | Found a shimmering altar of Xom.
  9641 | D:9      | Noticed a spectral ugly thing
  9890 | D:10     | Entered Level 10 of the Dungeon
 10667 | D:10     | Found an ornate altar of the Wu Jian Council.
 11257 | D:11     | Reached XP level 11. HP: 94/94 MP: 15/17
 11283 | D:11     | Noticed a boulder beetle
 11291 | D:11     | Killed a boulder beetle
 11327 | D:11     | Found Vinot's Book Emporium.
 11384 | D:11     | Noticed a skeletal warrior
 11398 | D:11     | Killed a skeletal warrior
 11424 | D:11     | Noticed a skeletal warrior
 11429 | D:11     | Noticed a skeletal warrior
 11436 | D:11     | Killed a skeletal warrior
 11437 | D:11     | Reached skill level 10 in Armour
 11441 | D:11     | HP: 2/142 [skeletal warrior/+0 scimitar (12)]
 11441 | D:11     | Killed a skeletal warrior
 11778 | D:11     | Noticed Fannar
 11798 | D:11     | Killed Fannar
 12016 | D:11     | Found a staircase to the Orcish Mines.
 12065 | D:11     | Noticed a two-headed ogre
 12073 | D:11     | Killed a two-headed ogre
 12073 | D:11     | Reached ***** piety under Beogh
 12677 | Lair:1   | Entered Level 1 of the Lair of Beasts
 12884 | Lair:1   | Reached XP level 12. HP: 106/106 MP: 19/19
 12893 | Lair:1   | Reached skill level 10 in Fighting
 12910 | Lair:1   | Found a gate leading to a gauntlet.
 12923 | Gauntlet | Entered a Gauntlet
 12923 | Gauntlet | Found a large runed translucent door.
 12923 | Gauntlet | Found a large runed translucent door.
 12923 | Gauntlet | Found a large runed translucent door.
 12923 | Gauntlet | Found a large runed translucent door.
 12923 | Gauntlet | Found a large runed translucent door.
 12923 | Gauntlet | Found a large runed translucent door.
 12923 | Gauntlet | Found a runed translucent door.
 12923 | Gauntlet | Found a transporter.
 12923 | Gauntlet | Found a transporter.
 12923 | Gauntlet | Found a runed translucent door.
 12923 | Gauntlet | Found a large runed translucent door.
 12923 | Gauntlet | Found a large runed translucent door.
 12923 | Gauntlet | Found a large runed translucent door.
 12923 | Gauntlet | Found a large runed translucent door.
 12923 | Gauntlet | Found a large runed translucent door.
 12923 | Gauntlet | Found a large runed translucent door.
 12947 | Gauntlet | Found a transporter.
 12947 | Gauntlet | Found a transporter.
 12952 | Gauntlet | Noticed a death yak
 12952 | Gauntlet | Noticed a death yak
 12952 | Gauntlet | Noticed a death yak
 12953 | Gauntlet | Noticed a death yak
 12953 | Gauntlet | Noticed a death yak
 12957 | Gauntlet | Noticed a death scarab
 12958 | Gauntlet | Found a transporter.
 12960 | Gauntlet | Noticed a hell beast
 12971 | Gauntlet | Found a transporter.
 12975 | Gauntlet | Found a transporter.
 12975 | Gauntlet | Found a transporter.
 12979 | Gauntlet | Found a transporter.
 12990 | Gauntlet | an elephant changed into a spark wasp
 12990 | Gauntlet | Noticed a spark wasp (glowing shapeshifter)
 12994 | Gauntlet | a spark wasp changed into an anaconda
 12994 | Gauntlet | Noticed an anaconda (glowing shapeshifter)
 12996 | Gauntlet | an anaconda changed into a broodmother
 12996 | Gauntlet | Noticed a broodmother (glowing shapeshifter)
 13000 | Gauntlet | a broodmother changed into something unseen
 13001 | Gauntlet | Noticed a six-headed hydra
 13002 | Gauntlet | a six-headed hydra changed into an emperor scorpion
 13002 | Gauntlet | Noticed an emperor scorpion (glowing shapeshifter)
 13003 | Gauntlet | an emperor scorpion changed into a shadow dragon
 13003 | Gauntlet | Noticed a shadow dragon (glowing shapeshifter)
 13005 | Gauntlet | a shadow dragon changed into a golden dragon
 13005 | Gauntlet | Noticed a golden dragon (glowing shapeshifter)
 13006 | Gauntlet | Found a transporter.
 13006 | Gauntlet | Found the +3 hat of Pondering {ponderous, Will+ MP+10
                  | Int+5}
 13009 | Gauntlet | a golden dragon changed into an acid blob
 13009 | Gauntlet | Noticed an acid blob (glowing shapeshifter)
 13012 | Gauntlet | Noticed an eleionoma
 13012 | Gauntlet | an eleionoma changed into a sphinx
 13012 | Gauntlet | Noticed a sphinx (glowing shapeshifter)
 13013 | Gauntlet | Found a transporter.
 13016 | Gauntlet | Noticed a fenstrider witch
 13016 | Gauntlet | a fenstrider witch changed into a fire giant
 13016 | Gauntlet | Noticed a fire giant (glowing shapeshifter)
 13017 | Gauntlet | a fire giant changed into a sphinx
 13017 | Gauntlet | Noticed a sphinx (glowing shapeshifter)
 13026 | Gauntlet | Found a large runed translucent door.
 13027 | Gauntlet | Found a large runed translucent door.
 13029 | Gauntlet | Found a runed translucent gate.
 13029 | Gauntlet | Noticed a death scarab
 13030 | Gauntlet | Found a runed translucent gate.
 13031 | Gauntlet | Found a transporter.
 13031 | Gauntlet | Found a runed translucent gate.
 13049 | Gauntlet | Found a large runed translucent door.
 13050 | Gauntlet | Found a large runed translucent door.
 13077 | Gauntlet | Found a transporter.
 13093 | Gauntlet | Found a transporter.
 13115 | Gauntlet | a glowing orange brain changed into a two-headed ogre
 13115 | Gauntlet | Noticed a two-headed ogre (glowing shapeshifter)
 13115 | Gauntlet | Noticed a great orb of eyes
 13117 | Gauntlet | a two-headed ogre changed into a glowing orange brain
 13193 | Gauntlet | Found a transporter.
 13207 | Gauntlet | Found a transporter.
 13318 | Gauntlet | Noticed an iron troll
 13327 | Gauntlet | an iron troll changed into a dire elephant
 13327 | Gauntlet | Noticed a dire elephant (shapeshifter)
 13351 | Gauntlet | a dire elephant changed into a death yak
 13351 | Gauntlet | Noticed a death yak (shapeshifter)
 13393 | Gauntlet | Killed a death scarab
 13396 | Gauntlet | Reached skill level 1 in Evocations
 13512 | Gauntlet | Reached skill level 10 in Invocations
 13548 | Gauntlet | Noticed a frost giant
 13572 | Gauntlet | Killed a frost giant
 14004 | Gauntlet | Identified the +1 cloak "Ziashat" {Will- Str+4 Dex+4}
 14033 | Gauntlet | Noticed a minotaur
 14060 | Gauntlet | Killed a minotaur
 15538 | Lair:2   | Noticed Prince Ribbit
 15547 | Lair:2   | Killed Prince Ribbit
 15799 | Lair:2   | Found a hole to the Spider Nest.
 16408 | Lair:2   | Reached XP level 13. HP: 79/117 MP: 21/21
 16506 | Lair:2   | Found a staircase to the Swamp.
 16581 | Lair:2   | Noticed Gastronok
 16590 | Lair:2   | Killed Gastronok
 17208 | Lair:3   | Found a shimmering blue altar of Sif Muna.
 17597 | Lair:3   | Noticed Josephine
 17610 | Lair:3   | Killed Josephine
 17707 | Lair:3   | Gained Dorog as an ally
 18014 | Lair:3   | Reached ****** piety under Beogh
 18378 | Orc:1    | Entered Level 1 of the Orcish Mines
 18568 | Orc:1    | Paralysed by an orc sorcerer for 5 turns
 18578 | D:11     | Reached skill level 5 in Evocations
 18726 | Orc:1    | You fall into a shaft and drop 1 floor!
 18726 | Orc:2    | Entered Level 2 of the Orcish Mines
 19413 | Orc:2    | Paralysed by an orc sorcerer for 5 turns
 20013 | Orc:2    | Slain by a sun demon

Illustrated notes

Levels and vault maps discovered:
D:1:      amcnicky_arrival_single_pillar, layout_rooms,
          shapermc_ecumenical_altar_gd
D:2:      cheibrodos_pilgrimage, layout_basic, basic_altar,
          hangedman_glass_teeth
D:3:      layout_loops_ring, minivault_26, uniq_terence
D:4:      layout_cave_pools, mainiacjoe_overflow_chevrons, nrook_uturn,
          minmay_misc_feat_alley, minmay_misc_feat_enclosed
D:5:      layout_basic, nicolae_qazlal_general_emergency
D:6:      layout_loops_corners, minmay_temple_entry_grid, enter_ossuary_1,
          ebering_ghost_rock_garden, kennysheep_small_circle
D:7:      hellmonk_ruined_rings, layout_basic,
          mainiacjoe_overflow_large_starburst
D:8:      lemuel_insect_pit, layout_gridville, lemuel_doored_altar,
          general_overflow_altar, kennysheep_little_box, old_standard_altar,
          serial_ice, serial_ice_a, serial_ice_m, serial_ice_l, serial_ice_o,
          serial_ice_c
D:9:      layout_loops_ring, regret_index_temple_of_mockery,
          nicolae_ashenzari_skybound, lair_entry_dummy, serial_shops,
          nicolae_shop_behind_doors, uniq_harold
D:10:     layout_basic, pdpol_wu_jian_five_deadly_venoms
D:11:     layout_cave_pools, hiddenorc1_lemuel, serial_shops, shop_coins,
          uniq_fannar
Temple:   nicolae_temple_ecumenical_triangle
Lair:1:   layout_cave_pods, gauntlet_entry_generic, serial_bayou_shore_b,
          lemuel_fruit_fields, grunt_megastairs_4
Lair:2:   layout_chaotic_city, nicolae_swamp_entry_splash_gauntlet,
          spider_nest_entry_funnel_web, beast_lair_carwin_4, grunt_megastairs_3,
          uniq_gastronok, uniq_prince_ribbit2
Lair:3:   layout_layer_cave, basic_altar, serial_bayou, serial_bayou_crossing,
          serial_bayou_pond_a, serial_bayou_lagoon_a, serial_bayou_pond_d,
          serial_bayou_ford_a, uniq_josephine
Orc:1:    layout_caves
Orc:2:    st_orc_rangers, layout_caves, guppyfry_orc_lava_fort

Skill      XL: |  1  2  3  4  5  6  7  8  9 10 11 12 13 |
---------------+----------------------------------------+-----
Fighting       | 4 6 7 9 11 12 | 12.6
Axes           | 5 6 7 9 11 12 14 | 14.0
Throwing       | 1 2 3 |  3.7
Invocations    | 2 3 4 6 8 9 11 12 | 12.2
Dodging        | 3 |  3.6
Armour         | 2 3 4 6 8 11 13 14 | 14.2
Stealth        | 2 3 |  3.8
Evocations     | 3 5 |  5.2

Action                   |  1- 3 |  4- 6 |  7- 9 | 10-12 | 13-15 || total
-------------------------+-------+-------+-------+-------+-------++-------
Melee: Hand axe          |    59 |   139 |   319 |    48 |       ||   565
       War axe           |       |       |       |   283 |   125 ||   408
Throw: Boomerang         |    27 |    12 |     2 |       |       ||    41
       Stone             |       |       |     2 |       |       ||     2
       Dart              |       |       |     2 |    23 |       ||    25
Invok: Convert to Beogh  |     1 |       |       |       |       ||     1
       Smiting           |       |       |       |     2 |       ||     2
       Recall Orcish Fol |       |       |       |     3 |     5 ||     8
       Give Item to Name |       |       |       |     1 |       ||     1
Evoke: Wand              |       |       |     1 |     4 |       ||     5
  Use: Scroll            |       |    11 |     1 |    19 |       ||    31
       Potion            |       |       |       |    11 |       ||    11
 Stab: Sleeping          |       |     1 |       |       |       ||     1
       Distracted        |       |       |       |     5 |     1 ||     6
Armor: Robe              |    11 |     3 |       |       |       ||    14
       Ring mail         |       |    27 |       |       |       ||    27
       Chain mail        |       |    15 |   154 |       |       ||   169
       Plate armour      |       |       |    10 |   142 |   112 ||   264
Dodge: Dodged            |    48 |    76 |    90 |    69 |    48 ||   331

Table legend: (Time is in decaauts)
 A = Elapsed time spent in this place.
 B = Non-inter-level travel time spent in this place.
 C = Inter-level travel time spent in this place.
 D = Time resting spent in this place.
 E = Time spent auto-exploring this place.
 F = Levels seen in this place.
 G = Mean time per level.
                   A        B        C        D        E       F      G
               +--------+--------+--------+--------+--------+-----+--------+
         Total |  20793 |  19944 |    849 |   7683 |   9765 |  19 | 1094.4 |
       Dungeon |  12758 |  12153 |    605 |   3872 |   6784 |  11 | 1159.8 |
        Temple |     54 |     41 |     13 |      0 |     35 |   1 |   54.0 |
          Lair |   4566 |   4351 |    215 |   1904 |   2020 |   3 | 1522.0 |
  Orcish Mines |   1397 |   1382 |     15 |    931 |    273 |   2 |  698.5 |
       Ossuary |    724 |    724 |      0 |    559 |     73 |   1 |  724.0 |
      Gauntlet |   1290 |   1290 |      0 |    416 |    580 |   1 | 1290.0 |
               +--------+--------+--------+--------+--------+-----+--------+

Top non-repeatable levels by time:
  Lair:2: 2204 daAuts
    D:11: 1835 daAuts
     D:6: 1693 daAuts
     D:8: 1410 daAuts
     D:9: 1346 daAuts
   Orc:1: 1329 daAuts
Gauntlet: 1290 daAuts
    D:10: 1276 daAuts
  Lair:1: 1202 daAuts
  Lair:3: 1160 daAuts
     D:2: 1065 daAuts
     D:5: 997 daAuts
     D:4: 944 daAuts
     D:3: 917 daAuts
     D:7: 798 daAuts
